 Dungeon Crawl Stone Soup version 0.31-a0-182-gc5ef74bbde (webtiles) character file.

Game seed: 10297426793168074089

58 lunkers the Chopper (level 4, -2/38 HPs)
             Began as a Meteoran Fighter on June 20, 2023.
             Killed from afar by Sigmund (12 damage)
             ... with a puff of flame
             ... on level 3 of the Dungeon.
             The game lasted 00:02:22 (974 turns).

lunkers the Chopper (Meteoran Fighter)               Turns: 974, Time: 00:02:22

Health: -2/38      AC:  6    Str: 19    XL:     4   Next: 44%
Magic:  5/5        EV:  9    Int:  9    God:
Gold:   91         SH:  5    Dex: 14    Spells: 3/3 levels left

rFire   . . .        a - +0 war axe
rCold   . . .        c - +0 buckler
rNeg    . . .        b - +0 scale mail
rPois   .            (no helmet)
rElec   .            (no cloak)
rCorr   .            (no gloves)
SInv    .            (no boots)
Will    .....        (no amulet) Stlth
                     (no ring)
HPRegen 0.26/turn    (no ring)
MPRegen 0.09/turn

%: no passive effects
@: mighty, glowing
A: sense surroundings 1, otherworldly, glowing, explore regen
a: no special abilities


You were on level 3 of the Dungeon.
You visited 1 branch of the dungeon, and saw 3 of its levels.

You collected 91 gold pieces.

Inventory:

Hand Weapons
 a - a +0 war axe (weapon)
Armour
 b - a +0 scale mail (worn)
 c - a +0 buckler (worn)
Jewellery
 e - a ring of flight
 i - a +6 ring of strength
Scrolls
 f - a scroll of revelation {unknown}
 h - a scroll of blinking {unknown}
 k - a scroll of noise {unknown}
 l - 2 scrolls of teleportation {unknown}
Potions
 g - a potion of magic {unknown}
 j - a potion of curing {unknown}
 m - a potion of heal wounds {unknown}


   Skills:
 - Level 3.2 Fighting
 + Level 5.1 Axes
 - Level 3.6 Armour
 - Level 3.6 Shields


You had 3 spell levels left.
You didn't know any spells.
Your spell library was empty.

Dungeon Overview and Level Annotations

Branches:
Dungeon (3/15) Zot: 788

Altars:

Shops:
D:3 *

Annotations:
D:3 Sigmund


Innate Abilities, Weirdness & Mutations

You passively map a small area around you.
You are easily found by Zot.
You glow in the dark.
You regain HP and MP as you explore.


Message History

You are no longer poisoned.
The orc shouts!
The orc closely misses you.
You hit the orc.
The orc is lightly wounded.
The orc hits you with a +0 hand axe.
Sigmund the Dreaded comes into view.
He is wielding a +0 scythe.
The orc hits you but does no damage.
You feel very mighty all of a sudden. The orc hits you but does no damage.
You barely miss the orc.
The orc is lightly wounded.
The orc barely misses you.
You closely miss the orc.
The orc is lightly wounded.
Sigmund closely misses you. The orc hits you with a +0 hand axe.
You closely miss the orc.
The orc is lightly wounded.
You block the orc's attack.
Sigmund casts a spell.
Sigmund flickers and vanishes!
Deactivating autopickup; reactivate with Ctrl-A.
The orc completely misses you.
You hear an angry hiss.
You slash the orc!
You kill the orc!
Something hits you.
A ball python comes into view.
The ball python hisses angrily.
Something hits you!
* * * LOW HITPOINT WARNING * * *
The ball python moves out of view.
You hit something. Something hits you!
* * * LOW HITPOINT WARNING * * *
You closely miss something. You hit the ball python.
You kill the ball python!
You hear some strange, mumbled words.
A puff of flame appears from out of thin air!
The puff of flame hits you!
You die...

,, ,+..<..∩..'..## #...*
############## , #...
#.##...>#### #...
#...(....... #...**
######.###### #...,
..##......### , *
####...#####.##....#.##.
,..............#......##.
.......@......#.........
,
......{)......#......##.
, **
####...####..##......##.
* #.........####.##.###
#...####†## #.##.# * #...
*#.#####.##.# , #...
,*#.......##.. , , #...
*##########.. * * * ,, *
#.(.


There were no monsters in sight!

Vanquished Creatures
  2 adders
  An orc (D:3)
  5 bats
  4 endoplasms
  2 giant cockroaches (D:1)
  3 hobgoblins
  2 kobolds
  9 ball pythons
  4 frilled lizards
  4 goblins
  4 rats
40 creatures vanquished.

Notes
Turn   | Place    | Note
-------+----------+-------------------------------------------
     0 | D:1      | lunkers the Meteoran Fighter began the quest for the Orb.
     0 | D:1      | Reached XP level 1. HP: 19/19 MP: 2/2
   157 | D:1      | Reached skill level 3 in Axes
   157 | D:1      | Reached XP level 2. HP: 19/26 MP: 3/3
   441 | D:2      | Reached skill level 4 in Axes
   441 | D:2      | Reached XP level 3. HP: 31/31 MP: 4/4
   780 | D:2      | Reached XP level 4. HP: 38/38 MP: 5/5
   782 | D:2      | Found a faded altar of an unknown god.
   890 | D:3      | Found Cooven's Assorted Antiques.
   959 | D:3      | Reached skill level 5 in Axes
   966 | D:3      | Noticed Sigmund
   974 | D:3      | Killed from afar by Sigmund

Illustrated notes

Levels and vault maps discovered:
D:1:      minmay_arrival_split_and_join, layout_basic
D:2:      layout_loops_corners, basic_altar, ebering_ecumenical_altar_webs,
          st_stairs_2, minmay_cupped, uniq_crazy_yiuf_cottage
D:3:      layout_loops_cross, serial_shops, nicolae_shop_hallway_stairs,
          uniq_terence, uniq_robin, uniq_sigmund

Skill      XL: |  1  2  3  4 |
---------------+-------------+-----
Axes           | 3 4 5 |  5.1
Fighting       | |  3.2
Armour         | |  3.6
Shields        | |  3.6

Action                     |  1- 3 |  4- 6 || total
---------------------------+-------+-------++-------
  Melee: War axe           |    76 |    33 ||   109
    Use: Potion            |       |     1 ||     1
 Armour: Scale mail        |    39 |    24 ||    63
  Dodge: Dodged            |    28 |    11 ||    39
  Block: Buckler           |    18 |     5 ||    23

Table legend: (Time is in decaauts)
 A = Elapsed time spent in this place.
 B = Non-inter-level travel time spent in this place.
 C = Inter-level travel time spent in this place.
 D = Time resting spent in this place.
 E = Time spent auto-exploring this place.
 F = Levels seen in this place.
 G = Mean time per level.
                   A        B        C        D        E       F      G
               +--------+--------+--------+--------+--------+-----+--------+
         Total |   1009 |   1009 |      0 |      0 |    699 |   3 |  336.3 |
       Dungeon |   1009 |   1009 |      0 |      0 |    699 |   3 |  336.3 |
               +--------+--------+--------+--------+--------+-----+--------+

Top non-repeatable levels by time:
     D:2: 540 daAuts
     D:1: 378 daAuts
     D:3: 90 daAuts
